Map: Riptide

Players

TheJoker

  • Race: Zerg Zerg

alfi

  • Race: Terran Terran
  • League: Master

HighKill

  • Race: Zerg Zerg
  • League: Diamond

DragonQuest

  • Race: Protoss Protoss

Convulsion - Winner!

  • Race: Protoss Protoss
  • League: Master

Toasted - Winner!

  • Race: Protoss Protoss
  • League: Diamond

Kuolema - Winner!

  • Race: Zerg Zerg

Xynthor - Winner!

  • Race: Zerg Zerg

VOD

Have the link to the VOD?

Description

Time

  • Played on: Sept. 2, 2026, 1:08 p.m.
  • Length: 22:18
Show
View Real Time Build Order
Export as new Build Order

TheJoker Zerg 

Build Orders: Hatch First, Lurkers 

Get SALT Encoding   

  8  0:01  Drone  
  9  0:17  Drone x2  
  11  0:28  Overlord  
  11  1:01  Hatchery  
  10  1:04  Drone  
  11  1:13  Drone  
  12  1:18  Extractor  
  12  1:20  Drone  
  12  1:29  Drone x2  
  14  1:47  Spawning Pool  
  14  1:51  Drone  
  14  1:55  Drone  
  16  2:01  Drone  
  16  2:10  Drone  
  17  2:17  Drone x2  
  19  2:24  Drone x2  
  21  2:38  Metabolic Boost  
  21  2:50  Queen  
  23  2:52  Overlord  
  23  2:56  Zergling x2  
  24  3:11  Queen  
  26  3:18  Drone x3  
  26  3:19  Drone x2  
  32  3:20  Drone  
  32  3:36  Overlord  
  32  3:45  Spore Crawler  
  32  3:47  Spore Crawler  
  30  3:51  Zergling x4  
  32  4:01  Evolution Chamber  
  32  4:02  Drone x5  
  36  4:03  Drone x2  
  36  4:04  Evolution Chamber  
  37  4:26  Zergling x6  
  37  4:29  Hatchery  
  37  4:34  Zergling x6  
  36  4:42  Zergling x4  
  32  4:58  Zergling x10  
  34  5:08  Zergling x2  
  35  5:21  Hatchery  
  34  5:30  Zerg Ground Armor Level 1  
  34  5:31  Zerg Melee Weapons Level 1  
  34  5:47  Drone  
  34  5:48  Drone x3  
  37  6:04  Zergling x4  
  39  6:20  Overlord x2  
  39  6:46  Zergling x8  
  39  6:47  Zergling x14  
  50  7:02  Drone x3  
  50  7:04  Drone  
  54  7:08  Queen  
  54  7:09  Zergling x2  
  54  7:10  Zergling x2  
  34  7:53  Zergling x2  
  34  7:54  Zergling x14  
  34  7:55  Zergling x4  
  42  7:58  Spore Crawler  
  41  8:06  Lair  
  41  8:14  Drone x4  
  40  8:33  Zergling x10  
  45  8:40  Extractor  
  44  8:49  Hatchery  
  44  8:53  Drone x3  
  44  8:54  Drone x2  
  47  8:57  Extractor  
  47  9:01  Zerg Missile Weapons Level 1  
  46  9:04  Hydralisk Den  
  45  9:13  Overseer x2  
  45  9:19  Drone x2  
  47  9:31  Overlord  
  47  9:32  Overlord x2  
  47  9:36  Overlord  
  47  9:37  Overlord x2  
  47  9:38  Lurker Den  
  46  9:47  Zergling x2  
  46  9:50  Overlord x3  
  47  9:53  Muscular Augments  
  45  10:16  Zergling x6  
  45  10:17  Zergling x8, Hydralisk  
  51  10:21  Zergling x2  
  51  10:22  Zergling x14  
  51  10:28  Zergling x2  
  56  10:35  Spore Crawler  
  54  10:36  Spore Crawler  
  54  10:40  Drone x3  
  53  11:09  Hydralisk x4, Zergling x8  
  53  11:10  Zergling x6  
  61  11:23  Hydralisk x3, Zergling x4  
  61  11:24  Zergling x4  
  67  11:35  Zergling x2  
  67  11:36  Zergling x4  
  65  11:43  Drone x3  
  65  11:45  Lurker x4  
  72  12:08  Drone x5  
  76  12:09  Drone x5  
  77  12:26  Hydralisk x3, Zergling x8  
  77  12:27  Zergling x6  
  85  12:35  Extractor  
  84  12:58  Hatchery  
  84  13:02  Drone x5  
  84  13:03  Drone x7  
  95  13:18  Lair  
  89  13:21  Hydralisk Den  
  89  13:23  Lurker Den  
  87  13:32  Drone x5  
  87  13:33  Drone  
  92  13:46  Hatchery  
  92  13:52  Extractor  
  91  14:06  Hatchery  
  90  14:40  Hydralisk x2, Zergling x6  
  90  14:41  Zergling x2  
  92  14:54  Drone  
  92  14:55  Drone  
  92  15:00  Extractor, Lurker x5  
  95  15:16  Hydralisk, Zergling x2  
  95  15:17  Zergling x4, Hatchery  
  95  15:18  Hatchery  
  98  15:23  Hydralisk  
  98  15:24  Zergling x4  
  98  15:28  Zerg Missile Weapons Level 2  
  102  15:32  Hydralisk  
  102  15:33  Zergling x4  
  106  15:38  Zergling x2  
  107  15:51  Overlord x4  
  100  16:00  Hydralisk  
  100  16:01  Hydralisk, Zergling x6  
  107  16:06  Infestation Pit  
  105  16:37  Hydralisk x2  
  105  16:38  Hydralisk x4, Zergling x14  
  105  16:39  Zergling x2  
  125  16:41  Queen  
  123  17:09  Hydralisk  
  123  17:10  Hydralisk x3, Zergling x10  
  136  17:36  Queen  
  135  17:39  Hydralisk, Zergling x4  
  135  17:40  Zergling x6  
  135  17:44  Zerg Melee Weapons Level 2  
  126  18:06  Lurker x2  
  126  18:07  Hydralisk x2, Zergling x6  
  126  18:08  Zergling x2  
  126  18:09  Overlord x3  
  126  18:10  Overlord x2  
  117  18:40  Hydralisk x2  
  117  18:41  Hydralisk x4, Zergling x12  
  105  18:42  Zergling x6  
  111  18:49  Drone  
  111  18:53  Lurker x2  
  111  18:54  Lurker  
  115  19:01  Zergling x6  
  115  19:02  Zergling x10  
  123  19:07  Hatchery  
  122  19:12  Hive  
  114  19:26  Hydralisk x2  
  114  19:27  Zergling x16, Hydralisk x3  
  117  19:33  Hydralisk  
  117  19:34  Zergling x4  
  121  19:42  Drone x3  
  124  19:51  Hydralisk, Zergling x6  
  125  20:06  Hydralisk x2  
  125  20:07  Zergling x14, Hydralisk x3  
  126  20:09  Lurker x2  
  126  20:10  Lurker x3  
  126  20:11  Zergling x6  
  126  20:12  Zergling x2  
  121  20:40  Hydralisk x4, Zergling x4  
  121  20:41  Hydralisk, Zergling x12  
  139  20:46  Hydralisk x2, Zergling x6  
Show
View Real Time Build Order
Export as new Build Order

alfi Terran 

Build Orders: Reaper Expand 

Get SALT Encoding   

  8  0:00  SCV  
  9  0:12  SCV  
  10  0:25  SCV  
  11  0:37  SCV  
  11  0:39  Supply Depot  
  12  0:49  SCV  
  13  1:01  SCV  
  14  1:04  Barracks  
  14  1:08  Refinery  
  14  1:13  SCV  
  15  1:25  SCV  
  16  1:37  SCV  
  17  1:52  Reaper, Orbital Command  
  18  2:01  Command Center  
  18  2:18  SCV  
  18  2:21  Supply Depot  
  19  2:26  Marine  
  20  2:30  SCV  
  21  2:43  SCV  
  22  2:47  Command Center  
  22  2:54  Factory  
  22  2:55  Barracks Reactor  
  22  2:57  SCV  
  23  3:10  SCV  
  24  3:22  SCV  
  24  3:25  Orbital Command  
  25  3:30  Refinery  
  25  3:34  SCV  
  26  3:46  SCV  
  27  3:53  SCV  
  27  3:54  Marine x2  
  30  3:57  Barracks  
  30  3:58  SCV  
  31  4:04  Factory Tech Lab  
  31  4:05  SCV  
  31  4:08  Barracks  
  31  4:09  Orbital Command  
  31  4:10  Starport, SCV  
  31  4:15  Marine  
  31  4:16  Marine  
  34  4:18  SCV  
  34  4:22  SCV  
  36  4:27  Siege Tank  
  36  4:30  SCV  
  40  4:33  Marine  
  40  4:34  Marine  
  42  4:44  Barracks Tech Lab  
  42  4:46  SCV x3  
  42  4:50  Starport Tech Lab  
  42  4:51  Marine, Starport Reactor  
  42  4:52  Marine  
  47  4:58  SCV x2  
  47  4:59  Siege Tank  
  52  5:00  Barracks Tech Lab  
  52  5:03  Marine  
  52  5:04  SCV  
  54  5:08  Marine  
  54  5:12  Stimpack  
  55  5:15  Supply Depot  
  55  5:17  Supply Depot  
  55  5:22  Supply Depot  
  55  5:33  Engineering Bay  
  55  5:34  Engineering Bay  
  55  5:36  Marine x4, SCV x3  
  62  5:48  SCV x3  
  65  5:54  Marine  
  65  5:56  Marine  
  68  5:59  Missile Turret  
  68  6:00  Missile Turret, SCV x3  
  68  6:02  Missile Turret, Marine  
  71  6:11  Marine  
  71  6:12  Marine x2, Raven, SCV x2  
  71  6:14  Marine  
  79  6:18  Barracks x2  
  79  6:26  Supply Depot  
  79  6:28  Supply Depot  
  79  6:42  Supply Depot, Terran Infantry Armor Level 1, Terran Infantry Weapons Level 1  
  79  6:47  Marine x5, SCV x3  
  79  6:49  Siege Tank  
  90  7:00  SCV x3, Barracks  
  93  7:02  Barracks  
  93  7:05  Marine  
  93  7:07  Marine x2  
  93  7:08  Marine  
  99  7:12  SCV x3  
  100  7:16  Refinery  
  100  7:17  Refinery, Barracks Tech Lab  
  100  7:18  Combat Shield  
  100  7:20  Marine  
  100  7:23  Marine  
  100  7:24  SCV x2  
  100  7:29  Marine x2  
  103  7:30  Siege Tank, SCV  
  103  7:32  Refinery  
  103  7:33  Refinery  
  103  7:36  SCV  
  111  7:38  Supply Depot  
  111  7:40  Marine, Supply Depot  
  111  7:41  Barracks Tech Lab  
  111  7:48  Armory  
  111  7:59  Marine x5  
  111  8:00  SCV x2  
  111  8:01  Marine  
  111  8:02  SCV, Siege Tank  
  111  8:03  Barracks Tech Lab  
  123  8:08  Supply Depot  
  123  8:11  Supply Depot  
  123  8:12  SCV, Supply Depot  
  124  8:13  Supply Depot x2  
  124  8:14  Medivac  
  124  8:17  Marine  
  127  8:30  Marine x5, Marauder  
  132  8:35  Marauder  
  132  8:38  Siege Tank  
  137  8:47  Marine x3  
  137  8:48  Marauder x2, Terran Infantry Weapons Level 2, Terran Infantry Armor Level 2  
  142  8:52  Marauder  
  144  8:56  Medivac, Marine  
  147  9:05  Marine x2  
  147  9:06  Marauder  
  147  9:09  Marine, Marauder  
  141  9:20  Marine, Medivac  
  141  9:21  Marauder  
  141  9:23  Marine x2  
  131  9:25  Ghost Academy  
  131  9:26  Medivac  
  131  9:27  Marine, Marauder  
  131  9:31  Marauder, Command Center  
  130  9:32  Siege Tank  
  130  9:36  Marine  
  130  9:37  Barracks  
  130  9:38  Marine  
  133  9:41  Marine x3  
  133  9:54  Marine x2  
  133  9:55  Marauder, Medivac  
  133  9:56  Medivac, Marauder  
  143  10:00  Ghost  
  143  10:09  Marine x3  
  143  10:12  Ghost x2  
  150  10:15  Ghost  
  150  10:17  Marine  
  153  10:27  Marine  
  154  10:29  Marauder  
  154  10:32  Marine x2  
  160  10:35  Marauder  
  160  10:40  Ghost x2  
  160  10:41  Medivac  
  166  10:45  Marauder, Marine  
  166  10:46  Orbital Command  
  166  10:47  Missile Turret  
  166  10:50  Marine x3  
  166  10:56  Marine  
  169  11:05  Marine, Ghost  
  169  11:08  Marine x2  
  169  11:09  Ghost, Marine  
  179  11:15  SCV  
  179  11:17  SCV  
  180  11:20  Terran Infantry Weapons Level 3  
  180  11:22  Supply Depot x2  
  180  11:24  Ghost  
  180  11:25  Marine x2  
  183  11:26  Marine  
  183  11:28  Medivac  
  183  11:29  Medivac  
  187  11:34  SCV x2  
  187  11:35  SCV  
  187  11:39  Marine  
  192  11:41  Terran Infantry Armor Level 3  
  192  11:44  Marine  
  192  11:47  Ghost  
  192  11:49  Marine x2  
  192  11:53  Command Center  
  196  11:57  Ghost  
  196  11:58  Marine x2  
  199  12:10  SCV  
  200  12:19  Orbital Command  
  200  12:21  Barracks Tech Lab, Barracks Reactor  
  198  12:39  Ghost  
  200  12:53  Terran Vehicle Weapons Level 1, Fusion Core  
  143  13:14  Marine  
  143  13:15  Marine x4, Marauder x3  
  143  13:16  Marauder x2, Siege Tank  
  143  13:19  Medivac x2  
  122  13:31  Barracks  
  122  13:32  Marine x2  
  122  13:33  Marine x2, SCV x3, Missile Turret, Marauder  
  131  13:34  Missile Turret, Barracks  
  131  13:35  Orbital Command  
  131  13:36  Ghost, Marauder  
  131  13:37  Marine, Marauder x2  
  140  13:45  Refinery  
  140  13:48  Siege Tank  
  143  13:49  Medivac  
  143  13:50  Marine x3  
  143  13:51  Marine  
  143  13:54  Ghost  
  143  13:55  Marauder  
  143  13:58  Marauder x3  
  139  14:05  Marauder  
  139  14:08  Marine x4  
  139  14:09  Medivac  
  143  14:10  Concussive Shells  
  143  14:16  Command Center, Marauder  
  145  14:19  Medivac, Marauder  
  145  14:20  Marauder x2  
  145  14:21  SCV x3  
  145  14:22  SCV  
  145  14:23  Marine  
  159  14:26  Marine x4, Marauder  
  163  14:33  SCV x3  
  163  14:38  Marauder  
  167  14:40  Ghost, Marine  
  167  14:41  Marauder x2  
  165  14:49  Ghost, Marine  
  165  14:50  Marine x2  
  165  14:51  Medivac  
  167  14:53  SCV x2  
  167  14:58  Marine, Ghost  
  167  14:59  Marine  
  173  15:00  SCV  
  173  15:06  Medivac  
  176  15:07  Command Center  
  176  15:10  Marine x2, Marauder  
  180  15:28  Command Center  
  180  15:29  Ghost  
  180  15:30  Marine x2  
  184  15:37  Marine x3, Marauder  
  184  15:39  Ghost  
  189  15:46  Ghost  
  136  16:05  Ghost x2, Marine  
  136  16:06  Marine  
  136  16:10  Ghost x2  
  102  16:13  Marine  
  102  16:15  Marine  
  102  16:18  Marine  
  100  16:26  Marine  
  100  16:27  Marauder  
  100  16:31  Marine  
  104  16:34  Marine  
  105  16:40  Ghost x2  
  109  16:52  Marine x3  
  102  17:10  Ghost  
  95  17:26  Ghost  
  83  17:44  Ghost  
  55  17:55  Ghost  
  55  17:57  Marine x2  
  57  18:03  Ghost  
  57  18:04  Marine  
  57  18:05  Marauder, Marine  
  59  18:06  Marine x2  
  59  18:07  Marine  
  56  18:14  Marine, Marauder  
  56  18:15  Marine  
  60  18:21  Marine  
  60  18:22  Marine  
  60  18:23  Marine  
  60  18:24  Marine x2, Marauder  
  60  18:25  Marauder  
  60  18:26  Marauder  
  71  18:32  Marauder, Marine  
  71  18:33  Marine  
  74  18:36  Marauder  
  74  18:39  Marine  
  74  18:40  Marine  
  74  18:41  Marine x2  
  79  18:46  Marauder  
  79  18:47  Marauder, Marine  
  79  18:48  Marauder  
  79  18:50  Marine  
  79  18:51  Marine  
  79  18:53  Marauder  
  83  18:56  Marine  
  83  18:57  Marauder  
  83  18:58  Marine x2  
  83  18:59  Marine  
  86  19:05  Marine  
  86  19:06  Marine  
  86  19:08  Marine x3  
  86  19:09  Marine  
  89  19:14  Marine x2  
  89  19:16  Marine x2  
  93  19:17  Marine  
  93  19:18  Marauder  
  93  19:22  Marine  
  97  19:25  Marauder  
  97  19:31  Marine  
  100  19:45  Marine x2, Marauder  
Show
View Real Time Build Order
Export as new Build Order

HighKill Zerg 

Build Orders: Hatch First 

Get SALT Encoding   

  8  0:00  Drone  
  9  0:11  Drone  
  10  0:16  Drone  
  11  0:22  Drone  
  12  0:32  Overlord  
  12  0:44  Extractor  
  12  0:45  Extractor  
  12  0:46  Drone x2  
  14  0:52  Drone  
  15  1:00  Drone  
  16  1:19  Hatchery  
  16  1:22  Drone  
  16  1:31  Extractor  
  15  1:32  Drone  
  15  1:33  Drone  
  17  1:46  Spawning Pool  
  16  1:49  Drone  
  16  1:53  Drone  
  18  2:00  Drone  
  19  2:11  Overlord  
  19  2:21  Drone  
  20  2:34  Drone, Roach Warren  
  20  2:38  Queen  
  22  2:46  Lair  
  22  2:48  Drone  
  23  2:52  Drone  
  24  3:00  Baneling Nest  
  24  3:04  Extractor, Drone  
  23  3:06  Drone  
  23  3:09  Drone  
  23  3:12  Drone  
  26  3:19  Zergling x4  
  28  3:28  Metabolic Boost  
  28  3:32  Overlord  
  28  3:45  Queen  
  28  3:48  Drone x2  
  32  3:57  Centrifugal Hooks  
  32  3:58  Drone x2  
  32  4:02  Drone  
  35  4:04  Drone  
  35  4:07  Drone  
  37  4:11  Drone  
  38  4:22  Overlord  
  38  4:27  Drone  
  38  4:28  Drone  
  40  4:37  Overlord  
  40  4:42  Baneling x4  
  40  4:48  Zergling x8  
  40  4:49  Zergling x6  
  47  4:58  Zergling x8  
  51  5:18  Baneling x4  
  51  5:19  Baneling  
  50  5:38  Extractor x2  
  48  5:43  Overlord x4  
  48  5:49  Spire  
  47  5:55  Overseer  
  47  6:00  Hatchery  
  40  6:19  Drone x4  
  40  6:22  Drone x2  
  40  6:23  Drone x6  
  52  6:27  Queen  
  52  6:35  Overseer  
  52  6:38  Drone x2  
  54  6:53  Drone  
  55  6:57  Mutalisk x4  
  55  6:58  Mutalisk  
  65  7:33  Zergling x10  
  65  7:51  Overlord x3  
  60  7:59  Overlord  
  60  8:00  Overlord  
  59  8:18  Mutalisk x8  
  75  8:28  Overseer  
  75  8:40  Drone x3  
  78  8:41  Drone x3  
  78  8:42  Drone x2  
  78  8:44  Queen  
  85  8:52  Mutalisk x3  
  75  9:10  Mutalisk x2  
  69  9:24  Corruptor x2  
  69  9:29  Baneling x2  
  69  9:30  Baneling  
  73  9:31  Zergling x2  
  73  9:32  Zergling x14  
  74  9:45  Hydralisk Den  
  74  9:47  Baneling x6  
  74  9:48  Zergling x4  
  74  9:49  Zergling x6  
  67  10:18  Muscular Augments  
  67  10:20  Lurker Den  
  62  10:28  Zergling x8  
  58  10:29  Zergling x20  
  71  10:43  Drone x8  
  77  11:03  Evolution Chamber  
  76  11:04  Evolution Chamber  
  76  11:06  Infestation Pit  
  74  11:15  Drone x9, Hatchery  
  74  11:16  Drone x2  
  84  11:19  Extractor x2  
  84  11:21  Spore Crawler  
  84  11:22  Grooved Spines  
  84  11:23  Spore Crawler, Drone  
  84  11:24  Spore Crawler  
  74  11:40  Zergling x14  
  79  11:51  Zerg Melee Weapons Level 1, Zerg Ground Armor Level 1  
  79  11:52  Hive  
  79  11:59  Drone x2  
  79  12:00  Drone x3  
  84  12:08  Zergling x2  
  78  12:09  Zergling x4  
  80  12:27  Hatchery  
  73  12:58  Drone  
  74  13:00  Drone  
  74  13:01  Drone, Zergling x2  
  74  13:02  Zergling x28  
  91  13:19  Overlord  
  82  13:37  Ultralisk Cavern  
  82  13:38  Adrenal Glands  
  81  13:42  Baneling  
  81  13:43  Baneling x17, Hatchery  
  81  13:44  Baneling x18  
  81  13:45  Zergling x2  
  81  13:46  Zergling x24  
  93  13:48  Extractor  
  93  13:50  Drone  
  93  13:52  Zerg Melee Weapons Level 2, Zerg Ground Armor Level 2  
  93  14:12  Overlord  
  93  14:13  Overlord x5  
  93  14:14  Drone  
  93  14:15  Drone x2  
  96  14:18  Spore Crawler, Drone x2  
  77  14:48  Zergling x16  
  77  14:49  Zergling x16  
  86  15:01  Spore Crawler  
  86  15:02  Drone x3  
  86  15:03  Extractor  
  86  15:05  Chitinous Plating  
  87  15:08  Ultralisk x4  
  87  15:10  Zergling x6  
  114  15:21  Ultralisk  
  112  15:38  Ultralisk  
  112  15:39  Ultralisk  
  121  15:54  Ultralisk x2  
  125  16:15  Ultralisk x2  
  137  16:23  Anabolic Synthesis  
  137  16:24  Ultralisk  
  136  16:36  Overseer  
  136  16:38  Zerg Melee Weapons Level 3  
  136  16:40  Zergling x2  
  136  16:41  Zergling x4  
  139  16:55  Hatchery  
  139  16:57  Extractor  
  131  17:01  Extractor  
  130  17:11  Ultralisk  
  136  17:23  Drone x3  
  128  17:52  Extractor  
  124  18:00  Ultralisk x2  
  124  18:04  Zergling x2  
  124  18:05  Zergling x6  
  140  18:06  Overlord  
  140  18:07  Overlord x5  
  134  18:39  Ultralisk x3  
  139  18:49  Overseer  
  139  18:53  Drone  
  140  19:03  Ultralisk x2  
  140  19:06  Zergling x10  
  157  19:21  Zergling x2  
  157  19:22  Zergling x14  
  157  19:23  Zergling x2  
  166  19:38  Drone  
  144  20:22  Ultralisk  
  144  20:23  Ultralisk x3  
  154  20:35  Ultralisk x2  
  136  20:50  Ultralisk x4  
  136  20:51  Ultralisk  
  145  21:22  Drone, Zergling x2  
  145  21:23  Zergling x12  
Show
View Real Time Build Order
Export as new Build Order

DragonQuest Protoss 

Build Orders: Carriers 

Get SALT Encoding   

  8  0:01  Probe  
  9  0:13  Probe (Chrono Boost)  
  10  0:25  Probe (Chrono Boost)  
  11  0:30  Probe (Chrono Boost)  
  12  0:36  Pylon  
  12  0:42  Probe  
  13  0:54  Probe (Chrono Boost)  
  14  1:06  Probe (Chrono Boost)  
  15  1:14  Probe (Chrono Boost)  
  16  1:20  Probe  
  17  1:34  Nexus  
  17  1:41  Probe, Assimilator  
  18  1:47  Assimilator  
  18  2:00  Gateway  
  18  2:02  Probe  
  19  2:10  Assimilator  
  19  2:16  Probe  
  20  2:28  Probe  
  21  2:31  Pylon  
  21  2:47  Cybernetics Core  
  21  2:48  Probe (Chrono Boost)  
  22  2:53  Probe (Chrono Boost)  
  23  3:03  Probe (Chrono Boost)  
  23  3:04  Probe (Chrono Boost)  
  25  3:11  Probe (Chrono Boost)  
  27  3:14  Probe (Chrono Boost)  
  27  3:16  Probe (Chrono Boost)  
  28  3:21  Probe  
  28  3:25  Probe  
  30  3:30  Stargate  
  30  3:32  Stargate  
  30  3:33  Probe (Chrono Boost)  
  32  3:43  Probe (Chrono Boost)  
  32  3:45  Probe (Chrono Boost)  
  33  3:50  Probe x2 (Chrono Boost)  
  33  3:53  Stargate  
  35  3:57  Assimilator  
  35  3:59  Assimilator  
  35  4:01  Probe x2  
  37  4:07  Pylon  
  37  4:13  Probe  
  37  4:14  Probe  
  41  4:19  Phoenix (Chrono Boost)  
  41  4:25  Probe  
  41  4:27  Forge  
  41  4:30  Pylon  
  44  4:34  Oracle (Chrono Boost), Phoenix (Chrono Boost)  
  47  4:39  Probe x2  
  49  4:51  Probe  
  50  4:53  Pylon  
  50  4:55  Pylon  
  50  4:59  Phoenix x2  
  54  5:27  Phoenix  
  54  5:28  Phoenix  
  58  5:33  Phoenix  
  60  5:36  Photon Cannon  
  60  5:38  Photon Cannon  
  60  5:40  Shield Battery  
  60  5:49  Fleet Beacon  
  51  6:32  Photon Cannon  
  54  6:57  Void Ray x2  
  54  7:01  Pylon  
  54  7:08  Void Ray  
  54  7:09  Pylon  
  54  7:27  Probe x2  
  56  7:36  Nexus  
  56  7:39  Probe x2  
  58  7:44  Pylon  
  58  8:02  Probe x2  
  58  8:05  Pylon  
  60  8:14  Probe x2  
  62  8:21  Pylon  
  62  8:26  Probe x2  
  64  8:38  Probe (Chrono Boost)  
  64  8:39  Probe (Chrono Boost)  
  64  8:40  Void Ray x2  
  64  8:41  Void Ray  
  80  8:50  Probe x3 (Chrono Boost)  
  81  8:57  Probe (Chrono Boost)  
  81  8:58  Probe x2 (Chrono Boost)  
  81  9:02  Pylon, Anion Pulse-Crystals (Chrono Boost), Probe (Chrono Boost)  
  84  9:06  Protoss Air Weapons Level 1  
  85  9:23  Phoenix x2  
  89  9:32  Phoenix  
  80  9:48  Phoenix  
  76  9:55  Probe  
  76  9:59  Flux Vanes, Pylon  
  77  10:07  Probe, Pylon  
  78  10:19  Probe  
  69  10:33  Probe (Chrono Boost)  
  61  10:37  Forge  
  61  10:40  Assimilator, Probe (Chrono Boost)  
  62  10:45  Assimilator  
  62  10:48  Phoenix x2  
  62  10:49  Phoenix, Probe (Chrono Boost)  
  70  10:50  Probe (Chrono Boost)  
  70  10:55  Probe (Chrono Boost)  
  70  10:56  Probe  
  71  11:07  Probe (Chrono Boost)  
  74  11:12  Probe (Chrono Boost)  
  74  11:13  Phoenix  
  74  11:14  Probe (Chrono Boost)  
  77  11:19  Probe (Chrono Boost)  
  77  11:23  Probe (Chrono Boost)  
  77  11:24  Probe x2 (Chrono Boost)  
  80  11:26  Photon Cannon  
  80  11:27  Photon Cannon  
  80  11:28  Photon Cannon  
  80  11:32  Probe, Photon Cannon  
  81  11:33  Probe, Photon Cannon  
  81  11:34  Probe, Phoenix  
  81  11:38  Pylon  
  85  11:43  Phoenix  
  85  11:44  Protoss Air Weapons Level 2 (Chrono Boost), Probe  
  85  11:45  Probe  
  85  11:46  Probe  
  90  11:53  Protoss Shields Level 1  
  90  11:56  Probe  
  90  11:57  Probe  
  90  11:58  Probe  
  93  12:06  Phoenix  
  95  12:08  Probe  
  95  12:14  Phoenix  
  98  12:24  Phoenix  
  96  12:31  Phoenix  
  96  12:35  Photon Cannon  
  95  12:41  Probe (Chrono Boost)  
  98  12:51  Probe x2 (Chrono Boost)  
  98  12:56  Probe (Chrono Boost)  
  99  12:59  Probe  
  98  13:08  Probe  
  75  13:20  Probe (Chrono Boost)  
  86  13:32  Probe (Chrono Boost)  
  87  13:40  Probe (Chrono Boost), Nexus  
  94  13:45  Probe  
  94  13:46  Probe  
  96  13:57  Probe  
  96  13:58  Probe  
  98  14:09  Probe, Photon Cannon  
  53  14:37  Probe  
  42  14:40  Pylon  
  40  14:47  Pylon  
  40  14:51  Carrier x3  
  59  14:58  Stargate  
  59  14:59  Stargate  
  59  15:01  Probe (Chrono Boost)  
  59  15:02  Probe (Chrono Boost)  
  60  15:11  Probe (Chrono Boost)  
  69  15:17  Mothership (Chrono Boost)  
  66  15:24  Nexus  
  66  15:42  Robotics Facility  
  66  15:44  Carrier (Chrono Boost)  
  66  15:45  Carrier (Chrono Boost)  
  78  16:16  Carrier (Chrono Boost)  
  84  16:29  Probe  
  90  16:41  Probe  
  91  16:53  Probe  
  83  17:24  Pylon  
  83  17:44  Pylon  
  60  18:43  Nexus  
  60  18:48  Pylon  
  60  18:52  Gateway  
  60  18:53  Observer  
  60  19:11  Probe  
  61  19:19  Nexus  
Show
View Real Time Build Order
Export as new Build Order

Convulsion Protoss - Winner!

Build Orders: Zealot Archon 

Get SALT Encoding   

  8  0:00  Probe (Chrono Boost)  
  9  0:12  Probe (Chrono Boost)  
  10  0:22  Probe (Chrono Boost)  
  11  0:28  Probe  
  12  0:35  Pylon  
  12  0:40  Probe  
  13  0:53  Probe  
  13  0:56  Assimilator  
  14  1:08  Gateway  
  14  1:15  Probe (Chrono Boost)  
  15  1:24  Probe (Chrono Boost)  
  16  1:29  Probe (Chrono Boost)  
  17  1:41  Probe  
  18  1:52  Nexus  
  18  1:53  Probe  
  19  2:06  Cybernetics Core  
  19  2:10  Assimilator  
  19  2:18  Pylon  
  19  2:21  Probe  
  20  2:33  Probe  
  21  2:45  Stalker, Warp Gate  
  23  2:52  Twilight Council  
  23  2:57  Probe (Chrono Boost)  
  24  3:07  Probe (Chrono Boost)  
  24  3:09  Probe (Chrono Boost)  
  26  3:16  Probe (Chrono Boost)  
  26  3:17  Probe (Chrono Boost)  
  28  3:23  Probe (Chrono Boost)  
  29  3:32  Probe (Chrono Boost)  
  31  3:35  Probe (Chrono Boost)  
  31  3:41  Probe (Chrono Boost)  
  31  3:53  Probe x2  
  31  3:55  Pylon  
  32  4:01  Dark Shrine  
  32  4:03  Robotics Facility  
  32  4:04  Gateway  
  32  4:05  Probe  
  33  4:10  Probe (Chrono Boost)  
  33  4:15  Gateway  
  34  4:18  Probe (Chrono Boost)  
  34  4:22  Probe (Chrono Boost)  
  36  4:26  Assimilator  
  36  4:28  Probe (Chrono Boost)  
  36  4:29  Probe (Chrono Boost)  
  38  4:31  Assimilator  
  38  4:32  Pylon  
  38  4:33  Probe (Chrono Boost)  
  38  4:36  Probe  
  40  4:45  Probe  
  41  4:48  Probe  
  41  4:50  Warp Prism  
  44  5:01  Probe x2  
  44  5:03  Pylon  
  46  5:19  Dark Templar  
  46  5:20  Dark Templar x2  
  52  5:31  Probe (Chrono Boost)  
  53  5:39  Probe (Chrono Boost)  
  55  5:42  Nexus  
  55  5:43  Probe (Chrono Boost)  
  55  5:44  Pylon  
  55  5:52  Pylon  
  55  5:53  Probe (Chrono Boost)  
  52  6:14  Dark Templar x3  
  52  6:16  Probe x2  
  60  6:28  Probe  
  60  6:29  Probe  
  56  6:39  Charge  
  56  6:40  Probe  
  56  6:41  Probe  
  56  6:44  Forge  
  56  6:45  Gateway  
  56  6:46  Gateway  
  58  6:55  Probe x2 (Chrono Boost)  
  58  6:59  Probe (Chrono Boost)  
  60  7:08  Dark Templar x2  
  60  7:09  Probe x3 (Chrono Boost), Zealot  
  60  7:10  Observer  
  60  7:15  Archon  
  67  7:17  Probe  
  67  7:20  Nexus  
  67  7:21  Pylon  
  68  7:24  Assimilator  
  68  7:28  Assimilator, Observer  
  68  7:29  Templar Archives  
  69  7:31  Gateway  
  69  7:32  Zealot  
  69  7:34  Gateway  
  71  7:39  Probe x2 (Chrono Boost)  
  74  7:44  Probe (Chrono Boost)  
  74  7:45  Assimilator  
  74  7:48  Probe x2 (Chrono Boost)  
  74  7:49  Assimilator  
  77  7:52  Probe (Chrono Boost), Zealot x2, Protoss Ground Weapons Level 1 (Chrono Boost), Pylon  
  77  7:53  Probe x2 (Chrono Boost)  
  83  8:01  Pylon  
  83  8:03  Probe  
  84  8:07  High Templar x2  
  84  8:12  Gateway, High Templar  
  90  8:13  Archon  
  90  8:14  Gateway  
  90  8:15  High Templar  
  90  8:16  Zealot  
  90  8:17  Gateway  
  90  8:19  Probe x2 (Chrono Boost)  
  97  8:21  Archon  
  97  8:25  Probe (Chrono Boost), Pylon  
  97  8:29  Probe x2 (Chrono Boost), Blink  
  97  8:33  Probe (Chrono Boost)  
  97  8:34  Probe x2 (Chrono Boost)  
  101  8:36  High Templar x2  
  101  8:40  Archon  
  106  8:41  Zealot  
  106  8:45  High Templar x2  
  115  8:50  Zealot  
  115  8:51  Archon  
  115  8:52  Probe x3 (Chrono Boost)  
  116  8:58  Forge  
  116  9:01  Pylon  
  116  9:02  High Templar  
  118  9:04  Pylon  
  118  9:05  High Templar  
  120  9:10  Archon  
  120  9:11  Zealot x3  
  120  9:12  Zealot x3  
  120  9:21  Zealot  
  120  9:22  Zealot  
  110  9:38  Stalker  
  110  9:39  Stalker x6, Protoss Ground Armor Level 1 (Chrono Boost), Protoss Ground Weapons Level 2 (Chrono Boost)  
  110  9:40  Warp Prism (Chrono Boost)  
  126  9:45  Nexus  
  126  9:48  Pylon  
  126  9:51  Pylon  
  106  9:53  Assimilator  
  106  9:56  Assimilator  
  106  10:02  High Templar x2, Zealot x3  
  106  10:03  Zealot x5  
  106  10:06  Archon  
  126  10:21  Gateway  
  126  10:22  Gateway  
  126  10:25  Zealot  
  126  10:26  Zealot x4  
  134  10:29  Probe x2  
  134  10:32  High Templar x2  
  140  10:37  Archon  
  140  10:38  High Templar x2  
  140  10:39  High Templar  
  146  10:43  Archon  
  146  10:48  High Templar, Zealot  
  146  10:49  Zealot x3  
  156  10:55  Archon  
  156  11:00  Photon Cannon  
  156  11:02  Shield Battery  
  156  11:04  Photon Cannon x2  
  156  11:07  Photon Cannon  
  156  11:08  Photon Cannon  
  156  11:09  Shield Battery  
  156  11:11  Shield Battery  
  156  11:14  Photon Cannon, High Templar  
  156  11:15  High Templar x2  
  156  11:16  High Templar, Zealot  
  156  11:17  Zealot x4  
  174  11:20  Archon  
  174  11:21  Archon  
  174  11:25  Zealot  
  169  11:27  Probe (Chrono Boost)  
  169  11:32  Probe x2 (Chrono Boost)  
  171  11:33  Probe (Chrono Boost)  
  171  11:37  Protoss Ground Armor Level 2 (Chrono Boost)  
  172  11:40  Probe (Chrono Boost)  
  172  11:41  Zealot  
  172  11:42  Zealot x4  
  182  11:53  High Templar  
  184  11:58  Pylon  
  184  11:59  Probe  
  184  12:00  Protoss Ground Weapons Level 3 (Chrono Boost)  
  185  12:08  Pylon  
  185  12:10  Pylon  
  185  12:18  High Templar x2  
  193  12:22  Probe x4 (Chrono Boost)  
  193  12:23  Archon  
  193  12:27  Zealot x3  
  195  12:32  Zealot  
  195  12:33  Zealot  
  199  12:43  Photon Cannon  
  198  12:44  Photon Cannon  
  198  12:45  Photon Cannon, Probe x3  
  198  12:47  Zealot  
  198  12:49  Probe (Chrono Boost)  
  200  12:55  Photon Cannon  
  200  12:58  Photon Cannon  
  200  13:02  Photon Cannon  
  200  13:04  Photon Cannon  
  170  13:07  Photon Cannon, Shield Battery  
  170  13:09  Zealot  
  170  13:10  Zealot x9  
  128  13:27  Probe  
  129  13:35  Stalker  
  129  13:36  Stalker x6  
  129  13:37  Stalker x3  
  149  13:42  Robotics Facility  
  149  13:48  Robotics Bay  
  143  13:59  Stalker x2  
  143  14:00  Stalker x3  
  110  14:12  Zealot x8  
  110  14:13  Zealot x2  
  126  14:39  Probe  
  126  14:40  Probe x3  
  126  14:42  Nexus  
  125  14:46  Pylon, High Templar x5  
  125  14:47  High Templar x7  
  125  14:48  Pylon  
  125  14:51  Archon x5  
  125  14:52  Archon  
  149  14:53  Disruptor (Chrono Boost)  
  158  15:00  Probe x4  
  158  15:01  Disruptor (Chrono Boost)  
  158  15:03  Pylon  
  158  15:06  Protoss Ground Armor Level 3 (Chrono Boost)  
  161  15:12  Probe  
  162  15:17  Disruptor (Chrono Boost)  
  150  15:29  High Templar x8  
  150  15:30  High Templar x2  
  150  15:32  Zealot x2  
  150  15:34  Probe x4  
  178  15:38  Archon x2  
  178  15:39  Archon x2  
  178  15:40  Archon  
  178  15:46  Probe x2  
  178  15:49  Disruptor (Chrono Boost)  
  148  16:05  Nexus  
  148  16:06  Pylon  
  148  16:07  Disruptor (Chrono Boost)  
  152  16:14  Robotics Facility  
  152  16:17  Pylon  
  152  16:20  Disruptor (Chrono Boost), Stalker x2  
  152  16:21  Stalker x3  
  166  16:28  Stalker x2  
  166  16:30  Pylon, Probe  
  166  16:31  Probe  
  172  16:50  High Templar x2  
  176  16:54  Archon  
  174  17:06  Immortal (Chrono Boost)  
  174  17:08  Nexus  
  182  17:16  Immortal (Chrono Boost)  
  182  17:17  Immortal (Chrono Boost)  
  182  17:18  Stalker x3  
  188  17:24  Pylon  
  188  17:27  Pylon  
  188  17:29  Assimilator  
  188  17:34  Assimilator  
  188  17:36  Zealot x4  
  188  17:37  Zealot  
  162  17:55  Stalker x2  
  162  17:56  Stalker x5  
  156  18:08  Observer (Chrono Boost)  
  156  18:11  Immortal x2 (Chrono Boost)  
  153  18:20  Photon Cannon  
  153  18:22  Photon Cannon  
  153  18:25  Photon Cannon  
  149  18:43  Immortal  
  149  18:46  Stalker x3  
  149  18:47  Stalker x5  
  167  18:57  Photon Cannon  
  167  18:59  Photon Cannon  
  167  19:00  Shield Battery  
  167  19:12  High Templar x2  
  167  19:13  High Templar, Zealot  
  167  19:14  High Templar, Zealot x3  
  167  19:15  Zealot x4  
  191  19:18  Archon  
  191  19:20  Protoss Shields Level 1 (Chrono Boost)  
  191  19:21  Archon  
  191  19:26  Disruptor (Chrono Boost)  
  191  19:27  Disruptor (Chrono Boost)  
  199  19:49  Assimilator  
  187  19:54  Assimilator  
  187  19:55  Warp Prism (Chrono Boost)  
  187  19:58  Pylon  
  187  19:59  Nexus  
  185  20:01  Pylon  
  165  20:16  Stalker x3  
  165  20:17  Stalker x9  
  187  20:31  Shield Battery  
  187  20:33  Photon Cannon  
  187  20:34  Photon Cannon  
  187  20:37  Photon Cannon  
  187  20:39  Photon Cannon  
  187  20:42  Photon Cannon  
  187  20:45  Zealot x4  
  187  20:46  Zealot x2  
  195  21:02  Observer (Chrono Boost)  
  195  21:03  Immortal (Chrono Boost)  
  180  21:06  Immortal (Chrono Boost)  
  188  21:18  Immortal (Chrono Boost)  
  173  21:37  Immortal (Chrono Boost)  
  172  21:56  Nexus  
  172  22:00  Pylon  
  170  22:02  Pylon  
  170  22:05  Assimilator  
  170  22:07  Assimilator, Stalker x2  
  170  22:08  Stalker x8  
Show
View Real Time Build Order
Export as new Build Order

Toasted Protoss - Winner!

Build Orders: Phoenix Opening, Mass Phoenix 

Get SALT Encoding   

  8  0:00  Probe  
  9  0:12  Probe  
  10  0:24  Pylon  
  10  0:32  Pylon  
  10  0:36  Probe  
  11  0:48  Probe  
  12  1:01  Gateway  
  12  1:03  Probe (Chrono Boost)  
  13  1:09  Assimilator  
  13  1:16  Probe (Chrono Boost)  
  14  1:21  Probe (Chrono Boost)  
  15  1:30  Probe  
  16  1:42  Probe  
  17  1:51  Cybernetics Core  
  17  1:54  Probe  
  18  2:22  Nexus  
  18  2:25  Probe  
  19  2:35  Pylon  
  18  2:39  Probe (Chrono Boost)  
  19  2:50  Assimilator  
  20  2:51  Probe (Chrono Boost)  
  20  3:00  Probe (Chrono Boost)  
  20  3:01  Stargate  
  21  3:10  Shield Battery  
  21  3:13  Probe  
  22  3:25  Probe  
  23  3:34  Stargate  
  23  3:37  Probe (Chrono Boost)  
  23  3:38  Probe (Chrono Boost)  
  25  3:47  Assimilator  
  26  3:49  Probe (Chrono Boost)  
  26  3:53  Probe (Chrono Boost)  
  28  3:56  Probe (Chrono Boost), Phoenix (Chrono Boost)  
  28  4:01  Probe (Chrono Boost)  
  31  4:03  Probe  
  32  4:12  Probe  
  32  4:16  Phoenix (Chrono Boost)  
  35  4:21  Assimilator  
  35  4:25  Phoenix  
  35  4:27  Probe  
  38  4:34  Probe  
  39  4:39  Probe  
  39  4:42  Phoenix  
  42  4:53  Pylon  
  42  5:05  Pylon  
  42  5:10  Phoenix (Chrono Boost)  
  42  5:11  Probe  
  47  5:17  Phoenix (Chrono Boost)  
  47  5:20  Probe  
  48  5:23  Pylon, Probe  
  49  5:32  Probe  
  49  5:35  Probe  
  51  5:41  Phoenix x2 (Chrono Boost)  
  55  5:46  Probe  
  55  5:47  Probe  
  57  6:00  Nexus  
  57  6:06  Pylon  
  57  6:15  Pylon  
  57  6:22  Phoenix x2  
  61  6:30  Fleet Beacon  
  61  6:46  Probe  
  62  6:47  Phoenix x2 (Chrono Boost)  
  62  6:49  Probe  
  62  6:52  Shield Battery  
  67  6:55  Assimilator  
  67  7:09  Phoenix x2 (Chrono Boost)  
  67  7:10  Anion Pulse-Crystals (Chrono Boost)  
  71  7:27  Phoenix x2  
  75  7:30  Probe  
  76  7:40  Probe x2  
  76  7:42  Probe  
  79  7:48  Forge  
  79  7:52  Probe x2  
  79  7:55  Probe  
  79  7:56  Phoenix x2  
  86  8:04  Probe x2  
  88  8:07  Probe  
  88  8:10  Pylon  
  88  8:12  Shield Battery  
  89  8:15  Protoss Air Weapons Level 1 (Chrono Boost)  
  89  8:16  Probe x2  
  89  8:19  Probe  
  92  8:21  Phoenix  
  92  8:24  Assimilator  
  94  8:28  Stargate, Probe  
  94  8:31  Probe  
  94  8:33  Pylon  
  96  8:38  Phoenix  
  98  8:43  Probe x2  
  98  8:44  Pylon  
  98  8:46  Phoenix  
  102  9:01  Photon Cannon  
  102  9:03  Photon Cannon  
  102  9:08  Photon Cannon  
  102  9:15  Phoenix x3  
  108  9:18  Shield Battery  
  108  9:19  Shield Battery  
  108  9:47  Phoenix x3  
  114  10:12  Phoenix x2  
  118  10:30  Protoss Air Weapons Level 2 (Chrono Boost)  
  118  11:04  Phoenix  
  118  11:05  Phoenix  
  118  11:16  Pylon  
  118  11:19  Pylon  
  118  11:31  Protoss Shields Level 1 (Chrono Boost)  
  118  11:32  Photon Cannon  
  118  11:34  Photon Cannon, Phoenix x3  
  118  11:36  Pylon  
  118  11:37  Probe  
  118  11:38  Probe x2, Pylon  
  127  11:41  Pylon  
  127  11:44  Nexus  
  127  11:46  Pylon  
  127  11:49  Pylon, Probe  
  127  11:52  Pylon  
  128  11:55  Probe x2  
  128  11:59  Phoenix x3  
  128  12:00  Assimilator  
  128  12:01  Assimilator, Probe  
  136  12:07  Probe x2  
  139  12:12  Photon Cannon  
  139  12:14  Probe  
  140  12:15  Photon Cannon  
  140  12:17  Photon Cannon  
  140  12:19  Probe  
  140  12:21  Photon Cannon  
  141  12:24  Shield Battery, Phoenix x3  
  141  12:25  Shield Battery  
  141  12:26  Shield Battery  
  147  12:37  Protoss Air Weapons Level 3 (Chrono Boost)  
  147  12:44  Probe  
  147  12:45  Probe x2  
  147  12:49  Phoenix x3  
  156  12:56  Probe  
  145  13:24  Probe  
  146  13:30  Photon Cannon  
  146  13:31  Photon Cannon  
  146  13:36  Photon Cannon, Shield Battery  
  146  13:37  Pylon  
  146  13:39  Phoenix x3  
  152  13:41  Pylon  
  152  13:44  Pylon  
  152  13:53  Stargate  
  152  13:56  Stargate  
  152  14:01  Robotics Facility  
  152  14:04  Phoenix x3  
  158  14:29  Phoenix  
  159  14:44  Probe x2  
  159  14:45  Probe x2  
  151  14:56  Probe  
  151  14:57  Probe x3  
  155  15:05  Photon Cannon  
  155  15:06  Photon Cannon  
  155  15:08  Probe, Photon Cannon  
  155  15:09  Probe x3, Photon Cannon  
  159  15:15  Protoss Air Armor Level 1 (Chrono Boost)  
  159  15:19  Tempest x5  
  159  15:20  Probe  
  159  15:21  Probe x2  
  182  15:32  Probe  
  183  15:47  Twilight Council  
  183  16:00  Tempest  
  183  16:01  Tempest  
  183  16:02  Tempest  
  187  16:10  Tempest  
  199  16:31  Nexus  
  199  16:33  Assimilator, Pylon  
  199  16:34  Assimilator  
  199  16:35  Protoss Shields Level 2, Pylon  
  199  16:38  Observer, Pylon x2  
  200  17:17  Protoss Air Armor Level 2 (Chrono Boost)  
  200  17:30  Photon Cannon x2  
  200  17:32  Photon Cannon  
  200  17:33  Photon Cannon  
  200  17:35  Photon Cannon  
  198  17:37  Photon Cannon  
  198  17:38  Photon Cannon  
  198  17:47  Unknown  
  198  17:52  Photon Cannon  
  198  17:55  Photon Cannon  
  198  17:57  Photon Cannon  
  195  18:37  Tempest  
  199  18:53  Pylon  
  199  18:55  Pylon  
  199  19:04  Nexus  
  199  19:06  Shield Battery  
  199  19:09  Pylon  
  199  19:12  Pylon  
  199  19:15  Pylon  
  199  19:18  Pylon  
  199  19:23  Assimilator  
  199  19:25  Assimilator  
  199  20:05  Photon Cannon  
  199  20:06  Photon Cannon  
  199  20:09  Photon Cannon  
  199  20:14  Photon Cannon  
  199  20:16  Photon Cannon  
  199  20:19  Photon Cannon  
  199  20:21  Photon Cannon  
  199  20:23  Photon Cannon  
  199  20:25  Photon Cannon  
  130  22:06  Nexus  
Show
View Real Time Build Order
Export as new Build Order

Kuolema Zerg - Winner!

Build Orders: Hatch First 

Get SALT Encoding   

  8  0:00  Drone  
  9  0:12  Drone  
  10  0:16  Drone  
  11  0:27  Overlord  
  11  0:33  Drone  
  12  0:46  Drone x2  
  14  0:52  Drone  
  15  1:02  Drone  
  16  1:19  Hatchery  
  16  1:22  Drone  
  16  1:26  Extractor  
  16  1:27  Drone  
  16  1:34  Drone  
  17  1:49  Drone, Spawning Pool  
  17  1:52  Drone  
  18  2:04  Drone  
  19  2:11  Overlord  
  19  2:27  Drone  
  20  2:33  Drone  
  20  2:34  Drone  
  20  2:36  Queen x2  
  26  2:42  Metabolic Boost  
  26  2:47  Zergling x2  
  26  2:50  Drone  
  28  2:53  Drone  
  28  2:55  Drone  
  30  3:02  Overlord  
  30  3:15  Overlord  
  30  3:21  Drone x4  
  34  3:30  Queen  
  34  3:32  Overlord  
  36  3:40  Drone  
  37  3:47  Zergling x12  
  37  3:48  Zergling x2  
  44  3:49  Zergling x2  
  45  4:06  Zergling x4  
  45  4:07  Zergling x4  
  49  4:14  Lair  
  49  4:22  Drone x2  
  51  4:28  Overlord  
  49  4:46  Zergling x4  
  49  4:47  Zergling x10  
  56  5:00  Overlord x2  
  53  5:19  Extractor  
  53  5:21  Spire  
  44  5:31  Extractor  
  44  5:32  Extractor  
  44  5:34  Spore Crawler  
  41  5:36  Drone x3  
  41  5:37  Drone x3  
  41  5:38  Drone x3  
  41  5:42  Zergling x2  
  50  5:56  Zergling x4  
  52  6:01  Drone  
  52  6:02  Drone x6  
  57  6:12  Zergling x4  
  57  6:17  Spore Crawler  
  58  6:19  Spore Crawler  
  57  6:31  Mutalisk x6  
  69  6:43  Mutalisk  
  71  6:56  Mutalisk x2  
  73  7:02  Overlord x3  
  73  7:19  Hatchery  
  71  7:28  Mutalisk x2  
  71  7:29  Mutalisk  
  70  7:43  Zerg Flyer Weapons Level 1  
  70  7:53  Overlord x3  
  70  8:00  Drone x10  
  80  8:23  Drone x6  
  80  8:26  Extractor  
  85  8:27  Extractor  
  85  8:32  Corruptor x5  
  90  8:55  Queen  
  90  8:59  Corruptor x3  
  98  9:05  Overlord x3  
  98  9:31  Corruptor x5  
  98  9:37  Zerg Flyer Armor Level 1  
  108  9:46  Spine Crawler, Pneumatized Carapace  
  108  9:47  Spine Crawler  
  108  9:49  Spine Crawler  
  108  9:50  Drone x5, Spine Crawler  
  108  9:51  Spine Crawler  
  108  10:05  Drone x8  
  106  10:20  Drone  
  106  10:21  Drone x3  
  105  10:24  Drone  
  105  10:25  Drone x3  
  109  10:38  Queen  
  109  10:42  Spine Crawler  
  110  10:44  Spine Crawler  
  91  11:13  Drone x2  
  91  11:14  Drone x2  
  91  11:16  Queen  
  91  11:18  Drone x3  
  91  11:19  Drone x3  
  91  11:20  Drone x5  
  91  11:24  Drone  
  91  11:25  Drone  
  98  11:30  Drone  
  99  11:46  Drone x5  
  104  11:49  Drone  
  103  12:02  Evolution Chamber  
  103  12:03  Infestation Pit  
  103  12:04  Evolution Chamber  
  103  12:08  Burrow  
  100  12:12  Baneling Nest  
  99  12:20  Drone x2  
  89  12:43  Hive  
  89  12:44  Zerg Melee Weapons Level 1, Zerg Ground Armor Level 1  
  87  12:46  Drone x3  
  47  13:26  Drone x7  
  47  13:27  Drone x5  
  59  13:39  Hatchery, Queen  
  60  13:55  Extractor  
  59  13:56  Extractor  
  58  14:18  Ultralisk Cavern  
  58  14:19  Zergling x6  
  58  14:20  Zergling x6  
  54  14:47  Drone  
  54  14:48  Drone x4  
  54  14:49  Drone x2  
  60  15:05  Ultralisk x4  
  84  15:14  Hatchery  
  84  15:15  Queen  
  85  15:21  Chitinous Plating  
  85  15:24  Ultralisk  
  85  15:25  Ultralisk x4  
  115  15:36  Drone x3  
  115  15:37  Drone x3  
  120  15:53  Ultralisk x2  
  100  16:22  Overlord  
  100  16:28  Hatchery  
  99  16:40  Anabolic Synthesis, Drone x2  
  99  16:41  Drone  
  99  16:45  Overseer  
  102  17:08  Ultralisk  
  96  17:19  Zerg Melee Weapons Level 2  
  96  17:22  Zerg Ground Armor Level 2  
  72  18:06  Ultralisk x2  
  78  18:33  Ultralisk  
  84  18:38  Ultralisk x2  
  84  18:39  Ultralisk x3  
  114  18:44  Corruptor x2  
  114  18:47  Queen  
  118  19:23  Drone x3  
  118  19:24  Drone x2  
  118  19:25  Drone x5  
  118  19:26  Drone  
  121  19:31  Corruptor  
  123  19:44  Corruptor  
  103  20:21  Drone x3  
  94  20:33  Ultralisk  
  100  20:41  Spine Crawler  
  99  20:43  Spine Crawler  
  99  20:44  Spine Crawler  
  85  21:12  Drone x3  
  85  21:13  Drone x2  
  85  21:16  Queen  
  90  21:27  Spine Crawler  
  90  21:28  Queen  
  91  21:37  Ultralisk Cavern  
Show
View Real Time Build Order
Export as new Build Order

Xynthor Zerg - Winner!

Build Orders: Hatch First, Swarm Host 

Get SALT Encoding   

  8  0:00  Drone  
  9  0:11  Drone  
  10  0:16  Drone  
  11  0:22  Drone  
  12  0:36  Overlord  
  12  0:54  Drone x3  
  15  1:06  Drone  
  17  1:18  Drone  
  17  1:31  Drone  
  18  1:33  Hatchery  
  18  1:37  Extractor  
  18  1:39  Spawning Pool  
  15  1:42  Drone  
  15  1:44  Drone  
  17  1:55  Drone, Extractor  
  17  2:07  Drone  
  18  2:14  Overlord  
  18  2:28  Drone  
  18  2:29  Lair  
  19  2:34  Overlord  
  19  2:44  Overlord  
  19  2:51  Drone  
  19  2:53  Queen  
  22  2:58  Zergling x2  
  22  3:02  Drone  
  24  3:10  Extractor  
  23  3:13  Spine Crawler  
  22  3:23  Drone x2  
  22  3:24  Drone  
  25  3:39  Queen  
  27  3:42  Drone  
  28  3:51  Infestation Pit  
  27  4:00  Queen  
  29  4:11  Nydus Network  
  28  4:18  Overlord  
  28  4:30  Swarm Host  
  31  4:32  Swarm Host  
  34  4:38  Swarm Host  
  37  4:53  Swarm Host x2  
  43  5:00  Swarm Host  
  43  5:05  Drone  
  47  5:11  Swarm Host  
  50  5:17  Swarm Host  
  53  5:24  Swarm Host  
  56  5:33  Nydus Canal  
  56  5:42  Overlord  
  56  5:44  Overlord  
  56  6:13  Nydus Canal  
  56  6:14  Swarm Host x2  
  62  6:33  Nydus Canal  
  62  6:39  Overlord  
  62  6:40  Overlord  
  62  6:41  Overlord  
  62  6:42  Overlord  
  62  7:04  Swarm Host  
  62  7:05  Swarm Host  
  68  7:15  Nydus Canal  
  68  7:19  Overlord  
  68  7:20  Overlord  
  68  7:24  Overlord  
  68  7:26  Swarm Host  
  68  7:29  Drone x2  
  73  7:41  Nydus Canal  
  70  8:03  Swarm Host  
  70  8:04  Swarm Host  
  76  8:08  Overlord  
  76  8:09  Overlord  
  73  8:32  Swarm Host x2  
  79  8:35  Overlord  
  79  8:36  Overlord  
  79  8:38  Overlord  
  79  8:39  Overlord  
  79  8:50  Nydus Canal  
  80  8:55  Drone  
  80  8:56  Drone x3  
  80  9:02  Spore Crawler  
  82  9:03  Spore Crawler  
  82  9:09  Extractor  
  80  9:13  Drone x2  
  82  9:20  Nydus Network  
  81  9:26  Pneumatized Carapace  
  81  9:30  Drone x3  
  84  9:36  Drone x2  
  86  9:42  Nydus Canal  
  86  9:45  Drone  
  87  9:53  Spore Crawler  
  87  9:57  Spore Crawler  
  85  10:18  Nydus Canal  
  79  10:33  Nydus Canal  
  55  10:36  Swarm Host x3  
  55  10:37  Swarm Host  
  58  10:48  Overlord  
  58  10:52  Nydus Canal  
  58  11:02  Burrow  
  58  11:16  Swarm Host  
  64  11:23  Drone x3  
  64  11:24  Drone  
  68  11:26  Nydus Canal  
  68  11:29  Drone  
  68  11:30  Drone  
  68  11:31  Drone  
  71  11:41  Nydus Canal  
  71  11:44  Drone x3  
  71  11:45  Drone  
  75  11:49  Overlord  
  75  12:00  Drone x4  
  79  12:14  Nydus Canal  
  79  12:17  Drone  
  79  12:18  Drone, Swarm Host x2  
  79  12:19  Swarm Host, Overseer  
  90  12:30  Nydus Canal  
  90  12:36  Drone  
  90  12:37  Drone x3  
  89  12:42  Nydus Canal  
  91  12:49  Nydus Canal  
  91  12:53  Overlord  
  91  12:55  Overlord  
  91  12:56  Overlord  
  91  13:10  Swarm Host  
  91  13:11  Swarm Host  
  103  13:21  Nydus Canal  
  103  13:28  Swarm Host  
  103  13:29  Swarm Host x2  
  112  13:34  Drone  
  113  13:48  Nydus Canal  
  113  13:55  Swarm Host x4  
  125  14:03  Extractor  
  125  14:04  Hatchery  
  125  14:08  Extractor  
  122  14:15  Nydus Canal  
  122  14:19  Nydus Canal  
  122  14:24  Swarm Host  
  122  14:26  Swarm Host  
  128  14:36  Nydus Canal  
  125  15:29  Nydus Canal  
  125  15:38  Nydus Canal  
  125  15:49  Nydus Canal  
  125  15:53  Overlord x5  
  125  15:54  Overlord x2  
  122  16:31  Nydus Canal  
  122  16:35  Swarm Host x2  
  122  16:36  Swarm Host x6  
  122  16:37  Swarm Host  
  149  16:49  Evolution Chamber  
  149  16:50  Evolution Chamber  
  149  16:51  Nydus Canal x2  
  123  17:09  Swarm Host x2  
  123  17:10  Swarm Host  
  123  17:14  Nydus Canal  
  132  17:33  Spine Crawler  
  132  17:35  Spine Crawler  
  130  17:37  Spore Crawler  
  130  17:39  Spine Crawler  
  110  18:13  Nydus Canal  
  110  18:21  Zerg Missile Weapons Level 1  
  110  18:22  Zerg Ground Armor Level 1  
  110  18:24  Overlord x3  
  110  18:25  Overlord  
  107  18:31  Nydus Canal  
  107  19:08  Nydus Canal  
  107  19:13  Overseer  
  107  19:14  Drone x8  
  107  19:15  Drone x7  
  107  19:33  Extractor  
  107  19:35  Hatchery, Nydus Canal  
  107  19:37  Overseer  
  104  19:42  Nydus Canal  
  104  20:12  Swarm Host  
  104  20:13  Swarm Host x5  
  108  20:38  Nydus Canal, Drone x4  
  108  20:39  Drone x2  
  108  20:59  Swarm Host x3  
  117  21:26  Nydus Canal  
  117  21:27  Drone x6  
  117  21:30  Swarm Host  
  117  21:31  Swarm Host  
  123  21:56  Nydus Canal  
Tags
 
Add a new tag
Caveats
  • Supply blocks, unpowered buildings, or Contaminate may cause inaccurate times.
  • Supply counts are checked every 10 seconds.